 Dungeon Crawl Stone Soup version 0.28-a0-1334-g1c9ffb4daf (webtiles) character file.

Game seed: 4491958712698090186

23 Cheeritup the Grave Robber (level 2, -25/20 HPs)
             Began as a Ghoul Necromancer on Dec 27, 2021.
             Annihilated by an earth elemental (32 damage)
             ... created by the adversity of Qazlal
             ... on level 1 of the Dungeon.
             The game lasted 00:04:11 (1181 turns).

Cheeritup the Grave Robber (Ghoul Necromancer)      Turns: 1181, Time: 00:04:11

Health: -25/20     AC:  2    Str: 11    XL:     2   Next: 95%
Magic:  4/4        EV: 12    Int: 10    God:
Gold:   44         SH:  0    Dex:  9    Spells: 3/5 levels left

rFire   . . .      SeeInvis .   (no weapon)
rCold   + . .      Faith    .   (no shield)
rNeg    + + +      Spirit   .   a - +0 robe
rPois   ∞          Reflect  .   (no helmet)
rElec   .          Harm     .   (no cloak)
rCorr   .          Rampage  .   (no gloves)
Will    .....                   (no boots)
Stlth   ++........              (no amulet)
HPRegen 0.00/turn               (no ring)
MPRegen 0.09/turn               (no ring)

@: inhibited regen
A: claws 1, cold resistance 1, negative energy resistance 3, inhibited
regeneration, torment resistance 2
a: no special abilities


You were on level 1 of the Dungeon.
You visited 1 branch of the dungeon, and saw 1 of its levels.

You collected 44 gold pieces.

Inventory:

Missiles
 d - 2 atropa-tipped darts
Armour
 a - a +0 robe (worn)
Magical Staves
 c - a staff of fire
Scrolls
 e - a scroll of enchant armour {unknown}
 f - a scroll of acquirement {unknown}
 g - a scroll of enchant weapon {unknown}
 h - a scroll of teleportation {unknown}
Potions
 b - 3 potions of degeneration {unknown}


   Skills:
 - Level 1.7 Dodging
 - Level 2.1 Stealth
 + Level 2.3 Spellcasting
 + Level 4.4 Necromancy


You had 3 spell levels left.
You knew the following spells:

 Your Spells              Type           Power      Damage    Failure   Level
a - Pain                  Necr           40%        1d6       4%          1
b - Animate Skeleton      Necr           20%        N/A       4%          1

Your spell library contained the following spells:

 Spells                   Type           Power      Damage    Failure   Level
 Vampiric Draining        Necr           10%        2d6       14%         3
 Animate Dead             Necr           5%         N/A       43%         4
 Agony                    Necr           10%        N/A       80%         5


Dungeon Overview and Level Annotations

Branches:
Dungeon (1/15)

Altars:
Qazlal


Innate Abilities, Weirdness & Mutations

You thrive by killing the living.
You are immune to poison.
You have sharp fingernails.
Your flesh is cold resistant. (rC+)
You are immune to negative energy. (rN+++)
You do not regenerate when monsters are visible.
You are immune to unholy pain and torment.


Message History

You have lost your religion!
Qazlal does not appreciate desertion!
Your storm instantly dissipates.
h - a scroll labelled GENUBR HABB An endoplasm comes into view.
The endoplasm quivers.
You scratch the endoplasm.
The endoplasm is severely wounded.
The endoplasm hits you but does no damage.
You scratch the endoplasm.
You kill the endoplasm!
You now have 44 gold pieces (gained 7).
A dart slug comes into view.
You scratch the dart slug but do no damage.
You scratch the dart slug but do no damage.
The dart slug barely misses you.
You completely miss the dart slug.
The dart slug briefly extends its eye-stalks.
The dart slug bites you.
You scratch the dart slug.
The dart slug is heavily wounded.
The dart slug barely misses you.
You scratch the dart slug but do no damage.
The dart slug is heavily wounded.
You scratch the dart slug.
The dart slug is severely wounded.
The dart slug launches a dart at you. The slug dart hits you.
You scratch the dart slug.
You kill the dart slug!
You feel better.
You see here a dart slug corpse.
Qazlal incites the elements against you!
An earth elemental and a fire elemental come into view.
You barely miss the earth elemental.
You scratch the earth elemental but do no damage.
The fire elemental hits you. The fire elemental burns you!
Ouch! That really hurt!
The earth elemental hits you!!
Ouch! That really hurt!
You die...

#.#########################
#.#........................
###
#.#.#######################
#.# #.#.# #.E@E°.†......# ##
##.# #.#.# #.###########.#
#. ...####.#.####.# #.###
###.# ###.
......#.#.#....###...# #.#.#
#... ................>#.#.#
#.#.# #.##
......#.#.#....#.#.#.###.#.#
#.#
.#.####.#.#....#.#.......#.#
#.#
.#..#..........#.#.#.###)#.#
#.# .#..#..........#.#.#.#
#.#.# #.#


You could see an earth elemental and a fire elemental.

Vanquished Creatures
  A dart slug (D:1)
  4 endoplasms (D:1)
  3 giant cockroaches (D:1)
  2 goblins (D:1)
  A hobgoblin (D:1)
  3 bats (D:1)
  2 kobolds (D:1)
  2 rats (D:1)
18 creatures vanquished.

Vanquished Creatures (others)
  A demonic plant (D:1)
  A fungus (D:1)
  A plant (D:1)
  A withered plant (D:1)
4 creatures vanquished.

Grand Total: 22 creatures vanquished

Notes
Turn   | Place    | Note
-------+----------+-------------------------------------------
     0 | D:1      | Cheeritup the Ghoul Necromancer began the quest for the
                  | Orb.
     0 | D:1      | Reached XP level 1. HP: 14/14 MP: 2/2
     2 | D:1      | Learned a level 1 spell: Animate Skeleton
   201 | D:1      | Reached XP level 2. HP: 20/20 MP: 4/4
   582 | D:1      | Found a faded altar of an unknown god.
   616 | D:1      | Prayed at the altar of an unknown god.
   616 | D:1      | Became a worshipper of Qazlal Stormbringer
   616 | D:1      | Reached * piety under Qazlal
  1046 | D:1      | Fell from the grace of Qazlal
  1179 | D:1      | Noticed a fire elemental
  1179 | D:1      | Noticed an earth elemental
  1181 | D:1      | Annihilated by an earth elemental

Illustrated notes

Levels and vault maps discovered:
D:1:      saegor_arrival_simple_e, layout_basic, shapermc_ecumenical_altar_gd,
          minmay_misc_feat_tiny

Skill      XL: |  1 |
---------------+----+-----
Spellcasting   | 2 |  2.3
Dodging        | |  1.7
Stealth        | |  2.1
Necromancy     | |  4.4

Action                   || total
-------------------------++-------
Melee: Unarmed           ||    74
       Staff             ||    47
Invok: Renounce Religion ||     1
 Stab: Sleeping          ||     3
Armor: Robe              ||    34
Dodge: Dodged            ||    85
Block: Other             ||     4

Table legend: (Time is in decaauts)
 A = Elapsed time spent in this place.
 B = Non-inter-level travel time spent in this place.
 C = Inter-level travel time spent in this place.
 D = Time resting spent in this place.
 E = Time spent auto-exploring this place.
 F = Levels seen in this place.
 G = Mean time per level.
                   A        B        C        D        E       F      G
               +--------+--------+--------+--------+--------+-----+--------+
         Total |   1189 |   1189 |      0 |    163 |    665 |   1 | 1189.0 |
       Dungeon |   1189 |   1189 |      0 |    163 |    665 |   1 | 1189.0 |
               +--------+--------+--------+--------+--------+-----+--------+

Top non-repeatable levels by time:
     D:1: 1189 daAuts
